 Dungeon Crawl Stone Soup version 0.30-a0-458-g86641cc (webtiles) character file.

Game seed: 15105335318161241053

179 PurpleRed the Magician (level 5, 0/29 HPs)
             Began as a Deep Elf Reaver on Dec 14, 2022.
             Was an Initiate of Vehumet.
             Slain by a gnoll
             ... wielding a +0 spear
              (5 damage)
             ... on level 4 of the Dungeon.
             The game lasted 00:15:31 (1616 turns).

PurpleRed the Magician (Deep Elf Reaver)            Turns: 1616, Time: 00:15:32

Health: 0/29       AC:  5    Str:  9    XL:     5   Next: 32%
Magic:  12/14      EV: 12    Int: 20    God:    Vehumet [......]
Gold:   164        SH:  0    Dex: 13    Spells: 8/14 levels left

rFire   . . .      SeeInvis .    c - +0 flail (vamp)
rCold   . . .      Faith    .    (no shield)
rNeg    + . .      Spirit   .    h - +2 robe {rN+}
rPois   .          Reflect  .    t - +0 helmet
rElec   .          Harm     .    (no cloak)
rCorr   .          Rampage  .    (no gloves)
Will    .....                    (no boots)
Stlth   +.........               o - amulet of the acrobat
HPRegen 0.24/turn                p - ring of wizardry
MPRegen 0.14/turn                (no ring)

@: no status effects
A: no striking features
a: Renounce Religion


You were on level 4 of the Dungeon.
You worshipped Vehumet.
Vehumet was noncommittal.
You visited 2 branches of the dungeon, and saw 6 of its levels.

You collected 164 gold pieces.

Inventory:

Hand Weapons
 a - a +0 spectral short sword
 c - a +0 vampiric flail (weapon)
 k - a +1 mace of protection
 u - a +0 long sword
Missiles
 j - 2 throwing nets
Armour
 b - a +0 leather armour
 h - a +2 robe of positive energy (worn)
 t - a +0 helmet (worn)
Jewellery
 o - an amulet of the acrobat (around neck)
 p - a ring of wizardry (left hand)
Wands
 m - a wand of roots (5)
 n - a wand of flame (14)
 q - a wand of mindburst (13)
Scrolls
 i - a scroll of blinking
 r - a scroll of brand weapon
Potions
 d - a potion of heal wounds
 e - a potion of lignification
 f - a potion of ambrosia
 g - a potion of cancellation
 l - 2 potions of curing {unknown}


   Skills:
 - Level 1.5 Fighting
 - Level 3.0 Short Blades
 - Level 2.4 Dodging
 + Level 5.4 Spellcasting
 + Level 5.0 Conjurations
 + Level 1.9 Ice Magic


You had 8 spell levels left.
You knew the following spells:

 Your Spells              Type           Power      Damage    Failure   Level
a - Kiss of Death         Conj/Necr      60%        2d10      1%          1
b - Momentum Strike       Conj/Tloc      30%        3d8       2%          2
c - Hailstorm             Conj/Ice       19%        3d6       3%          3

Your spell library contained the following spells:

 Spells                   Type           Power      Damage    Failure   Level


Dungeon Overview and Level Annotations

Branches:
Dungeon (5/15)             Temple (1/1) D:4

Altars:
Fedhas
Kikubaaqudgha
Makhleb
Qazlal
Trog
Vehumet
Xom
Yredelemnul
Zin


Message History

v - a scroll labelled GELOUD SOASUG
There is a stone staircase leading up, spattered with blood here.
The air fills with toxic fumes!
As you read the scroll labelled JEIFFY SUGAIX, it crumbles to dust.
It was a scroll of poison.
As you read the scroll labelled GELOUD SOASUG, it crumbles to dust.
A profound silence engulfs you.
It was a scroll of silence.
You climb upwards.
There is a stone staircase leading down here.
Your +1 mace of protection goes still.
You feel a sense of dread.
c - a +0 vampiric flail (weapon)
You swing at nothing.
You swing at nothing.
You swing at nothing.
You swing at nothing.
You swing at nothing.
You swing at nothing.
You swing at nothing.
You swing at nothing.
You swing at nothing.
You swing at nothing.
You swing at nothing.
You swing at nothing.
You swing at nothing.
You swing at nothing.
You swing at nothing.
You swing at nothing.
You swing at nothing.
The gnoll hits you from afar with a +0 spear. x2
You swing at nothing.
The gnoll barely misses you.
You swing at nothing.
The gnoll hits you from afar with a +0 spear.
You swing at nothing.
Your hearing returns.
The gnoll hits you from afar with a +0 spear.
* * * LOW HITPOINT WARNING * * *
The gnoll closely misses you.
You swing at nothing.
The gnoll hits you from afar with a +0 spear.
You die...

#...#.####.^.#..#.###.###.#
#...#..........##........)##
#...##.........###........).
######........## #..........
##........## ##.......##
#..........# ##......##
#....<.....# #....##.#..
#..........#...#####.#._
#.....>@.g...## ........
#...†......### ........
##....######### ........
##...##...#...##........
#....##..#..#..#########
#.......#..#..#_#
#....#.#..#..#.##
#....##..###..## #.....####
####


You could see a gnoll.

Vanquished Creatures
  A scorpion (D:4)
  An orc priest (D:2)
  Ijyb (D:3)
  Terence (D:3)
  2 gnolls
  An adder (D:2)
  A shadow imp (D:5)
  An ufetubus (D:5)
  A worm (D:4)
  2 orcs
  An endoplasm (D:1)
  5 goblins
  A hobgoblin (D:4)
  5 kobolds
  A quokka (D:1)
  5 ball pythons
  2 bats (D:1)
  3 frilled lizards (D:3)
  4 rats
39 creatures vanquished.

Vanquished Creatures (others)
  A scorpion (D:5)
  An iguana (D:4)
  Natasha (D:2)
  3 gnolls (D:3)
  2 worms
  A dart slug (D:2)
  An orc (D:3)
  2 endoplasms
  A goblin (D:2)
  2 hobgoblins
  A demonic plant (D:5)
  7 plants (D:2)
23 creatures vanquished.

Grand Total: 62 creatures vanquished

Notes
Turn   | Place    | Note
-------+----------+-------------------------------------------
     0 | D:1      | PurpleRed the Deep Elf Reaver began the quest for the Orb.
     0 | D:1      | Reached XP level 1. HP: 12/12 MP: 6/6
   197 | D:1      | Reached XP level 2. HP: 11/16 MP: 6/8
   200 | D:1      | Learned a level 2 spell: Momentum Strike
   429 | D:2      | Noticed Natasha
   431 | D:2      | Killed Natasha
   665 | D:2      | HP: 1/24 [orc priest/+0 club (3)]
   832 | D:2      | Reached XP level 3. HP: 10/20 MP: 10/10
  1061 | D:3      | Noticed Terence
  1063 | D:3      | Killed Terence
  1077 | D:3      | Learned a level 3 spell: Hailstorm
  1130 | D:3      | Noticed Ijyb
  1151 | D:3      | Killed Ijyb
  1152 | D:3      | Reached XP level 4. HP: 7/24 MP: 6/12
  1191 | D:4      | Found an ancient bone altar of Kikubaaqudgha.
  1213 | D:4      | Found a shimmering altar of Xom.
  1215 | D:4      | Noticed an angel
  1221 | D:4      | Noticed a scorpion
  1226 | D:4      | Killed a scorpion
  1227 | D:4      | Reached skill level 5 in Spellcasting
  1227 | D:4      | Reached skill level 1 in Ice Magic
  1238 | D:4      | Found a bloodstained altar of Trog.
  1271 | D:4      | Found a glowing silver altar of Zin.
  1327 | D:4      | Found a staircase to the Ecumenical Temple.
  1335 | Temple   | Entered the Ecumenical Temple
  1356 | Temple   | Became a worshipper of Vehumet
  1467 | D:4      | Found a stormy altar of Qazlal.
  1536 | D:4      | Found a basalt altar of Yredelemnul.
  1558 | D:5      | Entered Level 5 of the Dungeon
  1560 | D:5      | Noticed a scorpion
  1566 | D:5      | Reached XP level 5. HP: 22/28 MP: 9/14
  1571 | D:5      | Reached skill level 5 in Conjurations
  1616 | D:4      | Slain by a gnoll

Illustrated notes

Levels and vault maps discovered:
D:1:      psy_arrival_radial02, layout_loops_ring
D:2:      layout_basic, serial_forest, infiniplex_forest_clump_double,
          infiniplex_forest_corner_1, infiniplex_forest_clump_small,
          infiniplex_forest_clump_curved, uniq_natasha
D:3:      layout_basic, minmay_snake_closets, uniq_terence, uniq_ijyb
D:4:      layout_rooms, grunt_temple_overflow_order_and_chaos_1,
          lemuel_doored_altar, bloody_trog, nicolae_overflow_hidden_temple,
          marbit_many_paths, minmay_temple_entry_junction,
          corexii_item_surrounded_by_moat
D:5:      layout_loops_ring, serial_demonic, serial_demonic_f, serial_demonic_d,
          serial_demonic_d, serial_demonic_f, serial_demonic_e,
          serial_demonic_c, serial_demonic_f, serial_demonic_f,
          serial_demonic_a, serial_demonic_g, kennysheep_generic_room_10,
          uniq_sigmund
Temple:   hellmonk_temple_flake

Skill      XL: |  1  2  3  4  5 |
---------------+----------------+-----
Spellcasting   | 4 5 |  5.4
Conjurations   | 4 5 |  5.0
Ice Magic      | 1 |  1.9
Fighting       | |  1.5
Short Blades   | |  3.0
Dodging        | |  2.4

Action                   |  1- 3 |  4- 6 || total
-------------------------+-------+-------++-------
Melee: Short sword       |   113 |       ||   113
       Flail             |    12 |     4 ||    16
       Mace              |     9 |    12 ||    21
       Punch             |       |     1 ||     1
Throw: Throwing net      |     2 |       ||     2
 Cast: Momentum Strike   |    21 |     8 ||    29
       Kiss of Death     |     2 |     1 ||     3
       Hailstorm         |       |     4 ||     4
Evoke: Wand              |     1 |       ||     1
  Use: Potion            |     2 |       ||     2
       Scroll            |     9 |     4 ||    13
 Stab: Sleeping          |     2 |       ||     2
       Held in net/web   |     1 |       ||     1
Armor: Leather armour    |    15 |       ||    15
       Skin              |     4 |       ||     4
       Robe              |    24 |       ||    24
Dodge: Dodged            |    96 |    22 ||   118

Table legend: (Time is in decaauts)
 A = Elapsed time spent in this place.
 B = Non-inter-level travel time spent in this place.
 C = Inter-level travel time spent in this place.
 D = Time resting spent in this place.
 E = Time spent auto-exploring this place.
 F = Levels seen in this place.
 G = Mean time per level.
                   A        B        C        D        E       F      G
               +--------+--------+--------+--------+--------+-----+--------+
         Total |   1621 |   1528 |     93 |     93 |      0 |   6 |  270.2 |
       Dungeon |   1570 |   1477 |     93 |     93 |      0 |   5 |  314.0 |
        Temple |     50 |     50 |      0 |      0 |      0 |   1 |   50.0 |
               +--------+--------+--------+--------+--------+-----+--------+

Top non-repeatable levels by time:
     D:2: 489 daAuts
     D:3: 426 daAuts
     D:4: 386 daAuts
     D:1: 236 daAuts
  Temple: 50 daAuts
     D:5: 32 daAuts
